 Dungeon Crawl Stone Soup version 0.24-a0-459-g225fefd530 (webtiles) character file.

Game seed: 16072691283480395506

750 Peloso the Slasher (level 7, -1/60 HPs)
             Began as a Minotaur Fighter on June 28, 2019.
             Was an Initiate of Okawaru.
             Slain by Prince Ribbit (14 damage)
             ... on level 5 of the Dungeon.
             The game lasted 00:07:51 (3671 turns).

Peloso the Slasher (Minotaur Fighter)               Turns: 3671, Time: 00:07:52

Health: -1/60      AC: 10    Str: 25    XL:     7   Next: 48%
Magic:  6/6        EV:  7    Int:  5    God:    Okawaru [......]
Gold:   226        SH: 10    Dex: 11    Spells: 6/6 levels left

rFire    . . .     SeeInvis .   a - +0 long sword
rCold    . . .     Gourm    .   c - +0 shield
rNeg     . . .     Faith    .   r - +0 chain mail
rPois    .         Spirit   .   (helmet restricted)
rElec    .         Reflect  .   x - scarf {cloud immunity}
rCorr    .         Harm     .   (no gloves)
MR       .....                  (no boots)
Stlth    ..........             (no amulet)
HPRegen  0.20/turn              l - +4 ring of strength
MPRegen  0.10/turn              (no ring)

@: no status effects
A: retaliatory headbutt, horns 2
a: Renounce Religion


You were on level 5 of the Dungeon.
You worshipped Okawaru.
Okawaru was noncommittal.
You were very hungry.

You visited 2 branches of the dungeon, and saw 6 of its levels.

You collected 226 gold pieces.

Inventory:

Hand Weapons
 a - a +0 long sword (weapon)
Missiles
 t - 16 poisoned darts (quivered)
 y - 8 atropa-tipped darts
Armour
 b - a +0 scale mail
 c - a +0 shield (worn)
 r - a +0 chain mail (worn)
 x - a scarf of cloud immunity (worn)
Jewellery
 l - a +4 ring of strength (left hand)
Wands
 A - a wand of acid (8)
Scrolls
 g - 4 scrolls of teleportation {unknown}
 h - 4 scrolls of amnesia {unknown}
 i - 2 scrolls of immolation {unknown}
 j - 2 scrolls of remove curse {unknown}
 m - 7 scrolls of identify {unknown}
 p - 4 scrolls of enchant weapon {unknown}
 z - a scroll of fear {unknown}
Potions
 d - a potion of might
 e - 4 potions of curing {unknown}
 k - a potion of invisibility {unknown}
 n - 2 potions of resistance {unknown}
 o - 2 potions of heal wounds {unknown}
 q - a potion of ambrosia {unknown}
 s - a potion of agility {unknown}
 v - a potion of magic {unknown}
 w - 2 potions of haste {unknown}
Comestibles
 f - 9 rations


   Skills:
 + Level 4.8 Fighting
 + Level 6.7 Long Blades
 + Level 5.6 Armour
 + Level 1.7 Dodging
 + Level 0.5 Stealth
 + Level 6.0 Shields


You had 6 spell levels left.
You didn't know any spells.
Your spell library was empty.

Dungeon Overview and Level Annotations

Branches:
Dungeon (5/15)             Temple (1/1) D:4

Altars:
Elyvilon
Hepliaklqana
Nemelex Xobeh
Okawaru
Ru
Sif Muna
Uskayaw
Vehumet
Wu Jian
Xom
Yredelemnul

Shops:
D:5 %

Annotations:
D:5 Prince Ribbit


Innate Abilities, Weirdness & Mutations

You reflexively headbutt those who attack you in melee.
You have a pair of horns on your head.


Message History

Prince Ribbit gives a loud, deep croak!
Found a ration.
You block Prince Ribbit's attack.
Prince Ribbit hits you but does no damage.
You hit Prince Ribbit. You headbutt Prince Ribbit!
Prince Ribbit is moderately wounded.
Prince Ribbit hits you! x2
You closely miss Prince Ribbit. Your headbutt misses Prince Ribbit.
Prince Ribbit is moderately wounded.
Prince Ribbit catches a mosquito with his tongue.
Prince Ribbit hits you. Prince Ribbit hits you!
You miss Prince Ribbit. Your headbutt misses Prince Ribbit.
Prince Ribbit is moderately wounded.
Prince Ribbit hits you!
* * * LOW HITPOINT WARNING * * *
You slash Prince Ribbit!
Prince Ribbit is heavily wounded.
Prince Ribbit hops awkwardly around.
Prince Ribbit hits you!
You die...

########### #....∩....#
#....(..^.#
###########.....@...#
..........#..%..F...#
..........#.........#
..........######.####
..........# #....#
.....)....# ####.##.#
..........###....##.#
..........'............
..........###.####.#.##


You could see Prince Ribbit.

Vanquished Creatures
  Eustachio (D:4)
  A scorpion (D:4)
  A howler monkey (D:4)
  A crimson imp (D:5)
  A hound (D:4)
  3 orc priests
  An iguana (D:5)
  An orc wizard (D:3)
  Crazy Yiuf (D:4)
  2 bullfrog skeletons (D:4)
  A centaur skeleton (D:4)
  2 worker ants (D:4)
  A worker ant zombie (D:3)
  4 adders
  A shadow imp (D:5)
  An adder skeleton (D:4)
  2 worms (D:2)
  A dart slug (D:1)
  6 leopard geckos
  14 orcs
  5 giant cockroaches
  2 gnoll zombies (D:2)
  7 goblins
  9 hobgoblins
  2 quokkas
  3 ball pythons
  6 bats
  6 frilled lizards
  A kobold (D:1)
  A leopard gecko skeleton (D:5)
  8 rats
96 creatures vanquished.

Notes
Turn   | Place    | Note
-------+----------+-------------------------------------------
     0 | D:1      | Peloso the Minotaur Fighter began the quest for the Orb.
     0 | D:1      | Reached XP level 1. HP: 19/19 MP: 0/0
   208 | D:1      | Reached XP level 2. HP: 26/27 MP: 1/1
   782 | D:2      | Reached XP level 3. HP: 14/33 MP: 2/2
  1209 | D:2      | Reached XP level 4. HP: 38/40 MP: 3/3
  1290 | D:2      | Found a basalt altar of Yredelemnul.
  1857 | D:3      | Reached XP level 5. HP: 33/46 MP: 4/4
  2077 | D:3      | Found a deep blue altar of Sif Muna.
  2330 | D:4      | Noticed Eustachio
  2427 | D:4      | Killed Eustachio
  2427 | D:4      | Reached skill level 5 in Long Blades
  2427 | D:4      | Reached skill level 1 in Dodging
  2427 | D:4      | Reached skill level 5 in Shields
  2427 | D:4      | Reached XP level 6. HP: 44/53 MP: 5/5
  2479 | D:4      | Found a staircase to the Ecumenical Temple.
  2518 | D:4      | Reached skill level 5 in Armour
  2540 | Temple   | Entered the Ecumenical Temple
  2548 | Temple   | Became a worshipper of Warmaster Okawaru
  2628 | D:4      | Reached XP level 7. HP: 45/60 MP: 6/6
  2654 | D:4      | Found a runed translucent door.
  2655 | D:4      | Noticed Crazy Yiuf
  2753 | D:4      | Killed Crazy Yiuf
  3332 | D:5      | Entered Level 5 of the Dungeon
  3662 | D:5      | Found Fecox's Food Emporium.
  3664 | D:5      | Noticed Prince Ribbit
  3671 | D:5      | Slain by Prince Ribbit

Levels and vault maps discovered:
D:1:      dpeg_arrival_ternary, layout_basic
D:2:      layout_rooms, lemuel_zombie_altar_yredelemnul, first_ration
D:3:      layout_loops_cross, lemuel_crystal_altar
D:4:      layout_loops_ring, minmay_temple_entry_crystal_x, minmay_diced_spiral,
          uniq_eustachio, uniq_crazy_yiuf_cottage
D:5:      layout_basic, serial_shops, shop, uniq_prince_ribbit1, uniq_sigmund
Temple:   lightli_temple_of_artemis

Skill      XL: |  1  2  3  4  5  6  7 |
---------------+----------------------+-----
Armour         | 4 5 |  5.6
Shields        | 4 5 6 |  6.0
Fighting       | 4 |  4.8
Long Blades    | 3 4 5 6 |  6.7
Dodging        | 1 |  1.7
Stealth        | |  0.5

Action                   |  1- 3 |  4- 6 |  7- 9 || total
-------------------------+-------+-------+-------++-------
Melee: Long sword        |   106 |   142 |    44 ||   292
       Headbutt          |    15 |    33 |    12 ||    60
  Eat: Chunk             |     1 |     5 |     2 ||     8
Armor: Scale mail        |    50 |     7 |       ||    57
       Chain mail        |       |    56 |    10 ||    66
Dodge: Dodged            |    38 |    30 |    11 ||    79
Block: Shield            |    76 |   118 |    16 ||   210
       Rpst.: Long sword |     8 |     5 |     4 ||    17

Table legend:
 A = Non-vault XP
 B = Vault XP
 C = Vault XP percentage of total XP
 D = Non-vault monster count
 E = Vault monster count
 F = Vault count percentage of total count
                 A         B        C        D         E       F
            +---------+---------+-------+---------+---------+-------
      Total |     769 |     303 |  28.3 |      90 |       6 |   6.2
            +---------+---------+-------+---------+---------+-------
        D:1 |      32 |       0 |   0.0 |      20 |       0 |   0.0
        D:2 |      69 |       3 |   4.2 |      20 |       2 |   9.1
        D:3 |     148 |       0 |   0.0 |      22 |       0 |   0.0
        D:4 |     412 |     300 |  42.1 |      22 |       4 |  15.4
        D:5 |     108 |       0 |   0.0 |       6 |       0 |   0.0
            +---------+---------+-------+---------+---------+-------
